Map: Acid Plant LE

Players

HarryKlynn

  • Race: Terran Terran
  • League: Silver
  • Spawn Location: 5:00

Test - Winner!

  • Race: Terran Terran
  • Spawn Location: 11:00

VOD

Have the link to the VOD?

Description

Time

  • Played on: May 13, 2018, 7 p.m.
  • Length: 13:32
Show
View Real Time Build Order
Export as new Build Order

HarryKlynn Terran 

Build Orders:  

Get SALT Encoding   

  12  0:11  SCV  
  13  0:23  SCV  
  14  0:33  Supply Depot  
  14  0:35  SCV  
  15  0:54  SCV  
  15  0:56  Refinery  
  16  1:04  Barracks  
  16  1:06  SCV  
  17  1:18  SCV  
  17  1:25  Refinery  
  18  1:30  SCV  
  19  1:43  SCV  
  20  1:52  Marine, Supply Depot  
  21  1:55  SCV  
  22  2:06  Factory  
  22  2:07  SCV  
  23  2:14  Marine  
  24  2:19  SCV  
  25  2:31  SCV  
  25  2:32  Marine  
  27  2:49  Marine  
  28  2:52  Factory Tech Lab  
  28  2:59  Command Center  
  28  3:07  Marine  
  29  3:13  Engineering Bay  
  29  3:31  Supply Depot  
  29  3:46  Starport  
  29  3:52  Cyclone  
  29  3:53  Supply Depot  
  32  4:04  Orbital Command  
  32  4:18  Barracks  
  32  4:24  Cyclone  
  32  4:25  Starport Tech Lab  
  32  4:27  Missile Turret  
  35  4:56  Cyclone  
  30  5:08  Marine  
  30  5:11  Banshee  
  27  5:17  Planetary Fortress  
  18  5:26  Marine  
  18  5:27  Marine  
  18  5:35  Cyclone  
  8  5:44  Marine x2  
  9  6:02  Marine  
  9  6:06  Marine  
  10  6:17  SCV  
  11  6:19  Marine  
  11  6:23  Marine  
  13  6:34  SCV  
  13  6:37  Marine  
  15  6:41  Marine  
  16  6:55  SCV x2, Marine  
  19  7:07  Factory Tech Lab  
  19  7:13  Marine, SCV  
  21  7:25  SCV  
  22  7:40  Barracks Tech Lab  
  22  7:41  SCV  
  22  7:43  SCV  
  24  7:53  SCV  
  24  7:55  Starport Tech Lab  
  25  8:02  SCV  
  26  8:06  SCV  
  27  8:26  SCV  
  27  8:27  SCV  
  29  8:29  Marine  
  29  8:31  Combat Shields  
  30  8:38  SCV  
  30  8:39  SCV  
  32  8:45  Banshee  
  35  8:51  SCV x2  
  37  9:03  SCV x2  
  37  9:08  Widow Mine  
  41  9:15  SCV x2  
  43  9:27  SCV  
  43  9:30  Supply Depot  
  44  9:46  SCV x2  
  44  9:47  Marine  
  47  10:01  SCV x2  
  47  10:05  Marine  
  47  10:06  Raven  
  52  10:13  SCV x2  
  54  10:25  SCV x2  
  56  10:37  SCV x2  
  56  10:38  Cloaking Field  
  56  10:41  Marine  
  59  10:44  Marine  
  59  10:49  SCV x2  
  62  10:51  Refinery  
  62  10:54  Refinery  
  62  10:56  Terran Infantry Weapons Level 1  
  62  11:05  Marine x2  
  62  11:06  SCV x2, Widow Mine  
  62  11:10  Supply Depot  
  68  11:18  SCV x2  
  70  11:32  Marine x2, SCV x2, Medivac, Supply Depot  
  76  11:54  Widow Mine, Supply Depot  
  78  12:02  Medivac  
  78  12:03  SCV  
  80  12:16  Widow Mine  
  67  12:46  Siege Tank  
Show
View Real Time Build Order
Export as new Build Order

Test Terran - Winner!

Build Orders:  

Get SALT Encoding   

  12  0:01  SCV  
  13  0:14  Supply Depot  
  13  0:18  SCV  
  14  0:29  Refinery  
  14  0:30  SCV  
  15  0:44  Barracks  
  15  0:48  SCV  
  16  1:00  SCV  
  17  1:16  SCV  
  18  1:32  Barracks  
  18  1:34  Supply Depot  
  18  1:35  Marine  
  19  1:46  Barracks  
  19  1:56  Engineering Bay  
  19  2:03  Barracks Reactor  
  19  2:10  Orbital Command  
  19  2:19  Barracks Reactor  
  19  2:35  Barracks Reactor  
  19  2:44  Marine x2  
  21  2:55  Refinery  
  21  2:56  Marine x2  
  23  3:02  Marine x2  
  25  3:07  Supply Depot  
  25  3:14  Marine x3  
  25  3:16  Marine  
  25  3:19  Marine x2  
  31  3:27  Supply Depot  
  31  3:32  Marine x2  
  33  3:34  Marine  
  33  3:35  Marine  
  35  3:43  Supply Depot  
  35  3:44  Marine  
  36  3:49  Marine  
  36  3:53  Marine  
  38  3:56  Marine  
  38  3:59  Marine  
  40  4:08  Marine  
  40  4:09  Supply Depot  
  41  4:14  Marine x2  
  41  4:16  Marine  
  44  4:22  Terran Infantry Weapons Level 1  
  44  4:25  Marine  
  45  4:34  Missile Turret  
  45  4:36  Marine  
  45  4:37  Marine  
  47  4:40  Marine  
  48  4:59  Marine x4  
  39  5:10  Marine x2  
  41  5:17  Marine x3  
  41  5:36  Marine x3  
  41  5:37  Marine x3  
  46  5:54  Marine x4  
  46  5:55  Marine  
  46  6:02  Marine  
  36  6:12  Marine  
  36  6:16  Marine  
  36  6:17  Marine x2  
  36  6:18  Marine  
  39  6:20  Marine  
  41  6:30  Marine  
  42  6:34  Marine x2  
  42  6:35  Marine  
  42  6:36  Marine, Terran Infantry Armor Level 1  
  42  6:39  Marine  
  47  6:47  Marine  
  48  6:56  Missile Turret  
  48  7:14  Factory  
  48  7:20  Barracks  
  48  7:24  Marine  
  48  7:25  Marine  
  50  7:46  Factory  
  50  7:56  Command Center  
  50  8:08  Barracks Tech Lab, Factory Tech Lab  
  50  8:27  SCV  
  50  8:31  Stimpack  
  50  8:32  Missile Turret  
  51  8:39  SCV, Factory Tech Lab  
  52  8:50  Siege Tank  
  52  8:51  SCV  
  56  9:03  Siege Tank  
  56  9:04  SCV  
  60  9:10  Orbital Command  
  60  9:16  SCV  
  61  9:24  Starport  
  61  9:29  Siege Tank  
  64  9:41  Siege Tank  
  64  9:44  SCV  
  68  9:53  Refinery  
  68  9:56  SCV  
  68  9:58  Armory  
  69  10:02  Starport Tech Lab  
  69  10:24  Siege Tank x2  
  75  10:30  Refinery  
  75  10:54  Viking  
  77  11:03  Siege Tank  
  77  11:04  Terran Vehicle Weapons Level 1, Supply Depot  
  80  11:06  Supply Depot  
  80  11:09  Supply Depot  
  80  11:10  SCV  
  81  11:19  Siege Tank  
  81  11:20  Marine  
  81  11:23  SCV  
  86  11:27  Medivac  
  88  11:34  SCV  
  88  11:35  SCV  
  90  11:41  Marine  
  90  11:42  Marine x2  
  90  11:46  SCV  
  94  11:57  Medivac  
  96  12:08  Marine  
  96  12:09  Marine x5  
  96  12:11  Siege Tank  
  91  12:26  Marine  
  92  13:01  SCV x2  
  92  13:04  Marine  
  97  13:06  Marine  
  97  13:08  Marine  
  97  13:09  Marine  
  97  13:10  Marine  
  107  13:14  SCV  
Tags
 
League
Silver
Matchup
TvT
Race
Terran
Spawn Locations
Cross Positions
Add a new tag
Caveats
  • Supply blocks, unpowered buildings, or Contaminate may cause inaccurate times.
  • Supply counts are checked every 10 seconds.